 Dungeon Crawl Stone Soup version 0.32-a0-132-g2d33c3cfaf (webtiles) character file.

Game seed: 1774526330635034550

124 hikkokomori the Ruffian (level 4, -2/44 HPs)
             Began as a Troll Fighter on Feb 9, 2024.
             Slain by an orc wizard
             ... wielding a +0 dagger
              (3 damage)
             ... on level 3 of the Dungeon.
             The game lasted 00:02:15 (1019 turns).

hikkokomori the Ruffian (Troll Fighter)             Turns: 1019, Time: 00:02:16

Health: -2/44      AC:  6    Str: 24    XL:     4   Next: 81%
Magic:  3/3        EV:  9    Int:  4    God:
Gold:   137        SH:  8    Dex: 11    Spells: 3/3 levels left

rFire   . .          .
                       - Unarmed
rCold   . . .        b - +0 kite shield
rNeg    . . .        a - +0 robe
rPois   +            (helmet restricted)
rElec   .            l - +1 cloak
rCorr   .            (gloves unavailable)
SInv    .            (boots unavailable)
Will    .....        (no amulet)
Stlth   +            k - ring of poison resistance
HPRegen 1.07/turn    (no ring)
MPRegen 0.08/turn

%: no passive effects
@: no status effects
A: large, unfitting armour, claws 3, regeneration 1, shaggy fur 1, tough skin 1
a: no special abilities


You were on level 3 of the Dungeon.
You visited 1 branch of the dungeon, and saw 3 of its levels.

You collected 137 gold pieces.

Inventory:

Armour
 a - a +0 robe (worn)
 b - a +0 kite shield (worn)
 l - a +1 cloak (worn)
Jewellery
 k - a ring of poison resistance (left claw)
 n - an amulet of faith
Scrolls
 d - a scroll of poison {unknown}
 g - 6 scrolls of identify {unknown}
 h - 2 scrolls of teleportation {unknown}
 i - a scroll of blinking {unknown}
 j - a scroll of vulnerability {unknown}
 m - a scroll of fear {unknown}
 o - a scroll of amnesia {unknown}
Potions
 c - a potion of might
 e - a potion of haste {unknown}
 f - 2 potions of lignification {unknown}
 p - a potion of berserk rage {unknown}


   Skills:
 - Level 2.4 Fighting
 - Level 2.4 Dodging
 - Level 2.6 Shields
 + Level 5.1 Unarmed Combat


You had 3 spell levels left.
You didn't know any spells.
Your spell library was empty.

Dungeon Overview and Level Annotations

Branches:
Dungeon (3/15)

Altars:


Innate Abilities, Weirdness & Mutations

You are too large for most types of armour.
You have claws for hands.
Your natural rate of healing is unusually fast.
You are covered in fur. (AC +1)
You have tough skin. (AC +1)


Message History

The orc hits you from afar with a +1 trident of protection.
Something hits you but does no damage.
You miss something.
You feel less confused. You block the orc's attack.
You hear some strange, mumbled words.
You are confused.
You bump into the rock wall.
The orc barely misses you.
You hear some strange, mumbled words.
A puff of flame appears from out of thin air!
The puff of flame hits you.
You completely miss something.
The orc hits you from afar with a +1 trident of protection.
Something hits you but does no damage.
You bump into the rock wall.
The orc hits you from afar with a +1 trident of protection.
Something hits you.
You miss something.
The orc hits you from afar with a +1 trident of protection.
Something hits you but does no damage.
You bump into the rock wall.
The orc hits you from afar with a +1 trident of protection.
* * * LOW HITPOINT WARNING * * *
Something hits you but does no damage.
You completely miss something.
You feel less confused. The orc closely misses you.
You hear some strange, mumbled words.
A puff of flame appears from out of thin air!
The puff of flame hits you!
* * * LOW HITPOINT WARNING * * *
You scratch something. The orc hits you but does no damage.
Something hits you but does no damage.
You claw something! You block the orc's attack.
Something hits you but does no damage.
You miss something.
The orc hits you from afar with a +1 trident of protection!
* * * LOW HITPOINT WARNING * * *
Something hits you.
You die...

...<...†)...#.##.#.#
###.########.....#.#
...............>#.#
###.########..##.#.#
#.# #..##.#.# #..
#†.##.#.# ###
#...#.#.# #...#)#.#
#...#@#.# #...#{#.#
#.....o.##
#........#
#..##.##.# #.. ...
.# #. .#..# # .
.....# $... ...#


You could see an orc.

Vanquished Creatures
  An orc wizard (D:3)
  4 gnolls (D:3)
  An adder (D:3)
  2 dart slugs (D:1)
  2 ribbon worms (D:2)
  2 orcs (D:3)
  2 bats (D:1)
  2 endoplasms (D:1)
  2 giant cockroaches (D:1)
  6 goblins
  3 hobgoblins
  3 quokkas
  5 ball pythons
  3 frilled lizards
  4 kobolds
  3 rats
45 creatures vanquished.

Notes
Turn   | Place    | Note
-------+----------+-------------------------------------------
     0 | D:1      | hikkokomori the Troll Fighter began the quest for the Orb.
     0 | D:1      | Reached XP level 1. HP: 22/22 MP: 0/0
    90 | D:1      | Reached XP level 2. HP: 27/29 MP: 1/1
   148 | D:1      | Reached skill level 3 in Unarmed Combat
   512 | D:2      | Reached XP level 3. HP: 32/36 MP: 2/2
   557 | D:2      | Identified the +8 whip of Beogh's Approval {pain, Dex+4}
   981 | D:3      | Reached skill level 4 in Unarmed Combat
   987 | D:3      | Reached XP level 4. HP: 36/44 MP: 3/3
  1000 | D:3      | Reached skill level 5 in Unarmed Combat
  1019 | D:3      | HP: 1/44 [orc/+1 trident of protection (7)]
  1019 | D:3      | Slain by an orc wizard

Illustrated notes

Levels and vault maps discovered:
D:1:      matt_arrival_grand_opening, layout_rooms
D:2:      layout_rooms, minmay_misc_feat_columns
D:3:      layout_basic, mainiacjoe_overflow_24_doors,
          nicolae_overflow_ecumenical_swirl, uniq_robin, uniq_grinder

Skill      XL: |  1  2  3  4 |
---------------+-------------+-----
Unarmed Combat | 3 4 5 |  5.1
Fighting       | |  2.4
Dodging        | |  2.4
Shields        | |  2.6

Action                     |  1- 3 |  4- 6 || total
---------------------------+-------+-------++-------
  Melee: Unarmed           |    78 |    25 ||   103
 Armour: Robe              |    32 |    33 ||    65
  Dodge: Dodged            |    24 |    11 ||    35
  Block: Kite shield       |    34 |     7 ||    41

Table legend: (Time is in decaauts)
 A = Elapsed time spent in this place.
 B = Non-inter-level travel time spent in this place.
 C = Inter-level travel time spent in this place.
 D = Time resting spent in this place.
 E = Time spent auto-exploring this place.
 F = Levels seen in this place.
 G = Mean time per level.
                   A        B        C        D        E       F      G
               +--------+--------+--------+--------+--------+-----+--------+
         Total |   1023 |    973 |     50 |      0 |    700 |   3 |  341.0 |
       Dungeon |   1023 |    973 |     50 |      0 |    700 |   3 |  341.0 |
               +--------+--------+--------+--------+--------+-----+--------+

Top non-repeatable levels by time:
     D:1: 470 daAuts
     D:2: 447 daAuts
     D:3: 105 daAuts
